TOP OF THE 1ST |
Tulsa Drillers batting - Pitching for Omaha Storm Chasers : LHP Brad Havens
|
Pitching: LHP Brad Havens
|
|
Batting: SHB Paul Householder
|
0-0: Ball 1-0: Bunted foul 1-1: SINGLE (Line Drive, 9S, EV 95.6 MPH)
|
Batting: RHB Victor Rios
|
0-0: Fly out, F7 (Flyball, 78S, EV 85.0 MPH)
|
Batting: LHB Jim Adduci
|
0-0: Ball 1-0: Called Strike 1-1: Swinging Strike 1-2: Strikes out swinging Paul Householder steals 2nd base Batter strikes out.
|
Batting: RHB Bob Grandas
|
0-0: Ball 1-0: Called Strike 1-1: Foul Ball, location: 2F 1-2: Foul Ball, location: 2F 1-2: Strikes out swinging
|
Top of the 1st over - 0 runs, 1 hit, 0 errors, 1 left on base; Tulsa 0 - Omaha 0 |
BOTTOM OF THE 1ST |
Omaha Storm Chasers batting - Pitching for Tulsa Drillers : LHP Jerry Reuss
|
Pitching: LHP Jerry Reuss
|
|
Batting: RHB Jay Schellin
|
0-0: Called Strike 0-1: Swinging Strike 0-2: Strikes out looking
|
Batting: RHB Mike Allport
|
0-0: Ball 1-0: Ball 2-0: Called Strike 2-1: Ground out 4-3 (Groundball, 4, EV 103.8 MPH)
|
Batting: RHB Don Money
|
0-0: Ball 1-0: Ball 2-0: Ball 3-0: Called Strike 3-1: Fly out, F9 (Flyball, 9, EV 90.0 MPH)
|
Bottom of the 1st over - 0 runs, 0 hits, 0 errors, 0 left on base; Tulsa 0 - Omaha 0 |
TOP OF THE 2ND |
Tulsa Drillers batting - Pitching for Omaha Storm Chasers : LHP Brad Havens
|
Batting: RHB Bob E Johnson
|
0-0: Foul Ball, location: 2F 0-1: Foul Ball, location: 2F 0-2: Foul Ball, location: 2F 0-2: Foul Ball, location: 2F 0-2: Foul Ball, location: 2F 0-2: Strikes out swinging
|
Batting: SHB Luis Quinones
|
0-0: Foul Ball, location: 2F 0-1: Ball 1-1: Fly out, F7 (Flyball, 78S, EV 78.8 MPH)
|
Batting: RHB Nick Belmonte
|
0-0: Called Strike 0-1: Foul Ball, location: 2F 0-2: Ball 1-2: Strikes out swinging
|
Top of the 2nd over - 0 runs, 0 hits, 0 errors, 0 left on base; Tulsa 0 - Omaha 0 |
BOTTOM OF THE 2ND |
Omaha Storm Chasers batting - Pitching for Tulsa Drillers : LHP Jerry Reuss
|
Batting: LHB Mike LaValliere
|
0-0: Fly out, F8 (Flyball, 8LS, EV 88.8 MPH)
|
Batting: RHB Eddie Gates
|
0-0: Called Strike 0-1: Foul Ball, location: 2F 0-2: Foul Ball, location: 2F 0-2: Ball 1-2: Fly out, F3 (Popup, 3SF, EV 75.0 MPH)
|
Batting: LHB Donald Elliott
|
0-0: Swinging Strike 0-1: Fly out, F9 (Flyball, 9LS, EV 91.9 MPH)
|
Bottom of the 2nd over - 0 runs, 0 hits, 0 errors, 0 left on base; Tulsa 0 - Omaha 0 |
TOP OF THE 3RD |
Tulsa Drillers batting - Pitching for Omaha Storm Chasers : LHP Brad Havens
|
Batting: RHB Kevin Coon
|
0-0: Ball 1-0: Ball 2-0: Called Strike 2-1: Ball 3-1: Called Strike 3-2: Foul Ball, location: 2F 3-2: Foul Ball, location: 2F 3-2: Fly out, F4 (Popup, 4, EV 51.3 MPH)
|
Batting: LHB Oscar Cordero
|
0-0: Called Strike 0-1: Called Strike 0-2: Ball 1-2: Strikes out looking
|
Batting: SHB Paul Householder
|
0-0: Called Strike 0-1: Ball 1-1: Called Strike 1-2: Foul Ball, location: 2F 1-2: Strikes out swinging
|
Top of the 3rd over - 0 runs, 0 hits, 0 errors, 0 left on base; Tulsa 0 - Omaha 0 |
BOTTOM OF THE 3RD |
Omaha Storm Chasers batting - Pitching for Tulsa Drillers : LHP Jerry Reuss
|
Batting: SHB Larry Bowa
|
0-0: Foul Ball, location: 2F 0-1: Ball 1-1: Foul Ball, location: 2F 1-2: Foul Ball, location: 2F 1-2: Ball 2-2: SINGLE (Groundball, 6MS, EV 66.3 MPH) (infield hit)
|
Batting: RHB Odie Davis
|
0-0: Swinging Strike 0-1: Fly out, F8 (Flyball, 8LD, EV 90.0 MPH)
|
Batting: SHB Rafael Landestoy
|
0-0: Ball 1-0: Fly out, F8 (Flyball, 8RM, EV 94.4 MPH)
|
Batting: RHB Jay Schellin
|
0-0: Ball 1-0: Called Strike 1-1: Ball 2-1: Fly out, F8 (Flyball, 78D, EV 88.1 MPH)
|
Bottom of the 3rd over - 0 runs, 1 hit, 0 errors, 1 left on base; Tulsa 0 - Omaha 0 |
TOP OF THE 4TH |
Tulsa Drillers batting - Pitching for Omaha Storm Chasers : LHP Brad Havens
|
Batting: RHB Victor Rios
|
0-0: Fly out, F8 (Flyball, 8LXD, EV 89.4 MPH)
|
Batting: LHB Jim Adduci
|
0-0: Called Strike 0-1: Ball 1-1: Called Strike 1-2: Foul Ball, location: 2F 1-2: Ball 2-2: Ball 3-2: Strikes out swinging
|
Batting: RHB Bob Grandas
|
0-0: Fly out, F8 (Flyball, 8RM, EV 92.5 MPH)
|
Top of the 4th over - 0 runs, 0 hits, 0 errors, 0 left on base; Tulsa 0 - Omaha 0 |
BOTTOM OF THE 4TH |
Omaha Storm Chasers batting - Pitching for Tulsa Drillers : LHP Jerry Reuss
|
Batting: RHB Mike Allport
|
0-0: Called Strike 0-1: Foul Ball, location: 2F 0-2: Fly out, F8 (Flyball, 8LD, EV 95.0 MPH)
|
Batting: RHB Don Money
|
0-0: Ball 1-0: Ball 2-0: Ground out 6-3 (Groundball, 6, EV 82.5 MPH)
|
Batting: LHB Mike LaValliere
|
0-0: Ground out 6-3 (Groundball, 6M, EV 98.1 MPH)
|
Bottom of the 4th over - 0 runs, 0 hits, 0 errors, 0 left on base; Tulsa 0 - Omaha 0 |
TOP OF THE 5TH |
Tulsa Drillers batting - Pitching for Omaha Storm Chasers : LHP Brad Havens
|
Batting: RHB Bob E Johnson
|
0-0: Foul Ball, location: 2F 0-1: Fly out, F5 (Popup, 5SF, EV 75.6 MPH)
|
Batting: SHB Luis Quinones
|
0-0: Ball 1-0: DOUBLE (Line Drive, 3D, EV 97.5 MPH)
|
Batting: RHB Nick Belmonte
|
0-0: Intentional Walk
|
Batting: RHB Kevin Coon
|
0-0: Called Strike 0-1: Fly out, F6 (Flyball, 56D, EV 87.5 MPH)
|
Batting: LHB Oscar Cordero
|
0-0: Swinging Strike 0-1: Swinging Strike 0-2: Ball 1-2: Ball Wild Pitch! Luis Quinones to third Nick Belmonte to second 2-2: Foul Ball, location: 2F 2-2: Reached on error, E6 (Groundball, 6M, EV 87.5 MPH) Luis Quinones scores Nick Belmonte scores
|
Batting: SHB Paul Householder
|
0-0: Ball 1-0: Ball Wild Pitch! Oscar Cordero to third 2-0: Foul Ball, location: 2F 2-1: Called Strike 2-2: Ground out 4-3 (Groundball, 34, EV 76.9 MPH)
|
Top of the 5th over - 2 runs, 1 hit, 1 error, 1 left on base; Tulsa 2 - Omaha 0 |
BOTTOM OF THE 5TH |
Omaha Storm Chasers batting - Pitching for Tulsa Drillers : LHP Jerry Reuss
|
Batting: RHB Eddie Gates
|
0-0: Called Strike 0-1: SINGLE (Groundball, 4, EV 106.9 MPH)
|
Batting: LHB Donald Elliott
|
0-0: Ball 1-0: Bunt missed! 1-1: Ball 2-1: Bunt missed! 2-2: SINGLE (Flyball, 9, EV 91.3 MPH) Eddie Gates to second
|
Batting: SHB Larry Bowa
|
0-0: Ball 1-0: SINGLE (Line Drive, 89M, EV 91.9 MPH) Eddie Gates to third Donald Elliott to second
|
Batting: RHB Odie Davis
|
0-0: Ball 1-0: Ball 2-0: Called Strike 2-1: Fly out, F8 (Flyball, 8LXD, EV 103.1 MPH) Runner from 3rd tags up, SCORES, no throw by CF
|
Batting: SHB Rafael Landestoy
|
0-0: Called Strike 0-1: Ball 1-1: Called Strike 1-2: Foul Ball, location: 2F 1-2: Strikes out swinging
|
Batting: RHB Jay Schellin
|
0-0: Called Strike 0-1: Ball 1-1: Called Strike 1-2: Foul Ball, location: 2F 1-2: Foul Ball, location: 2F 1-2: Ball 2-2: Ball 3-2: Ground out 6-3 (Groundball, 6, EV 80.6 MPH)
|
Bottom of the 5th over - 1 run, 3 hits, 0 errors, 2 left on base; Tulsa 2 - Omaha 1 |
TOP OF THE 6TH |
Tulsa Drillers batting - Pitching for Omaha Storm Chasers : LHP Brad Havens
|
Batting: RHB Victor Rios
|
0-0: Ground out 6-3 (Groundball, 56, EV 85.0 MPH)
|
Batting: LHB Jim Adduci
|
0-0: Swinging Strike 0-1: Ball 1-1: Ball 2-1: Ball 3-1: Swinging Strike 3-2: Foul Ball, location: 2F 3-2: Fly out, F5 (Popup, 5D, EV 56.9 MPH)
|
Batting: RHB Bob Grandas
|
0-0: Ball 1-0: Foul Ball, location: 2F 1-1: Swinging Strike 1-2: Fly out, F9 (Flyball, 9D, EV 99.4 MPH)
|
Top of the 6th over - 0 runs, 0 hits, 0 errors, 0 left on base; Tulsa 2 - Omaha 1 |
BOTTOM OF THE 6TH |
Omaha Storm Chasers batting - Pitching for Tulsa Drillers : LHP Jerry Reuss
|
Batting: RHB Mike Allport
|
0-0: Ground out 1-3 (Groundball, 13S, EV 73.1 MPH)
|
Batting: RHB Don Money
|
0-0: Ground out 5-3 (Groundball, 56S, EV 88.8 MPH)
|
Batting: LHB Mike LaValliere
|
0-0: Ball 1-0: Called Strike 1-1: Ball 2-1: Ball 3-1: Base on Balls
|
Batting: RHB Eddie Gates
|
0-0: Fly out, F9 (Flyball, 9, EV 83.8 MPH)
|
Bottom of the 6th over - 0 runs, 0 hits, 0 errors, 1 left on base; Tulsa 2 - Omaha 1 |
TOP OF THE 7TH |
Tulsa Drillers batting - Pitching for Omaha Storm Chasers : LHP Brad Havens
|
Batting: RHB Bob E Johnson
|
0-0: Fly out, F9 (Flyball, 9, EV 75.6 MPH)
|
Batting: SHB Luis Quinones
|
0-0: Fly out, F8 (Flyball, 8RD, EV 95.0 MPH)
|
Batting: RHB Nick Belmonte
|
0-0: Fly out, F3 (Flyball, 3D, EV 78.8 MPH)
|
Top of the 7th over - 0 runs, 0 hits, 0 errors, 0 left on base; Tulsa 2 - Omaha 1 |
BOTTOM OF THE 7TH |
Omaha Storm Chasers batting - Pitching for Tulsa Drillers : LHP Jerry Reuss
|
Batting: LHB Donald Elliott
|
0-0: Called Strike 0-1: Fly out, F9 (Flyball, 9LS, EV 75.6 MPH)
|
Batting: SHB Larry Bowa
|
0-0: Ball 1-0: Ground out 6-3 (Groundball, 6, EV 104.4 MPH)
|
Batting: RHB Odie Davis
|
0-0: Called Strike 0-1: Ball 1-1: Called Strike 1-2: Fly out, F3 (Popup, 3SF, EV 81.9 MPH)
|
Bottom of the 7th over - 0 runs, 0 hits, 0 errors, 0 left on base; Tulsa 2 - Omaha 1 |
TOP OF THE 8TH |
Tulsa Drillers batting - Pitching for Omaha Storm Chasers : LHP Brad Havens
|
Batting: RHB Kevin Coon
|
0-0: Called Strike 0-1: Ball 1-1: Foul Ball, location: 2F 1-2: Ball 2-2: Ball 3-2: Fly out, F7 (Flyball, 7LS, EV 93.1 MPH)
|
Batting: LHB Oscar Cordero
|
0-0: Called Strike 0-1: Ball 1-1: Ball 2-1: Ground out 6-3 (Groundball, 6, EV 95.6 MPH)
|
Batting: SHB Paul Householder
|
0-0: Called Strike 0-1: Ball 1-1: Foul Ball, location: 2F 1-2: Strikes out swinging
|
Top of the 8th over - 0 runs, 0 hits, 0 errors, 0 left on base; Tulsa 2 - Omaha 1 |
BOTTOM OF THE 8TH |
Omaha Storm Chasers batting - Pitching for Tulsa Drillers : LHP Jerry Reuss
|
Batting: SHB Rafael Landestoy
|
0-0: Called Strike 0-1: Foul Ball, location: 2F 0-2: Ball 1-2: Ground out 6-3 (Groundball, 6, EV 82.5 MPH)
|
Batting: RHB Jay Schellin
|
0-0: Called Strike 0-1: Ball 1-1: Fly out, F8 (Line Drive, 8LD, EV 86.3 MPH)
|
Batting: RHB Mike Allport
|
0-0: Ground out 4-3 (Groundball, 34S, EV 85.6 MPH)
|
Bottom of the 8th over - 0 runs, 0 hits, 0 errors, 0 left on base; Tulsa 2 - Omaha 1 |
TOP OF THE 9TH |
Tulsa Drillers batting - Pitching for Omaha Storm Chasers : LHP Brad Havens
|
Batting: RHB Victor Rios
|
0-0: Fly out, F9 (Line Drive, 9, EV 93.1 MPH)
|
Batting: LHB Jim Adduci
|
0-0: SINGLE (Line Drive, 9S, EV 110.6 MPH)
|
Batting: RHB Bob Grandas
|
0-0: Swinging Strike 0-1: Called Strike 0-2: Ball 1-2: Strikes out swinging
|
Batting: RHB Bob E Johnson
|
0-0: Ball 1-0: Ball 2-0: Called Strike 2-1: Ground out 4-3 (Groundball, 34D, EV 81.3 MPH)
|
Top of the 9th over - 0 runs, 1 hit, 0 errors, 1 left on base; Tulsa 2 - Omaha 1 |
BOTTOM OF THE 9TH |
Omaha Storm Chasers batting - Pitching for Tulsa Drillers : LHP Jerry Reuss
|
Pitching: LHP Jeff Schneider
|
|
Batting: RHB Don Money
|
0-0: Called Strike 0-1: Ball 1-1: DOUBLE (Flyball, 7LM, EV 82.5 MPH)
|
Pinch Hitting: RHB Al Minker
|
0-0: Ball 1-0: Ground out 3-1 (Groundball, 34, EV 101.9 MPH) Don Money to third
|
Batting: RHB Eddie Gates
|
0-0: Called Strike 0-1: Ball 1-1: Ball 2-1: Ball 3-1: Base on Balls
|
Batting: LHB Donald Elliott
|
0-0: Hit by Pitch Eddie Gates to second
|
Batting: SHB Larry Bowa
|
0-0: Ball 1-0: Swinging Strike 1-1: Ball 2-1: Foul Ball, location: 2F 2-2: Ball 3-2: SINGLE (Line Drive, 8RS, EV 106.3 MPH) Don Money scores Eddie Gates to third Donald Elliott to second
|
Batting: RHB Odie Davis
|
0-0: Swinging Strike 0-1: Grounds into fielders choice 3-2 (Groundball, 3, EV 88.8 MPH) Donald Elliott to third Larry Bowa to second
|
Batting: SHB Rafael Landestoy
|
0-0: Ball 1-0: Ball 2-0: Ball 3-0: Called Strike 3-1: Fly out, F6 (Line Drive, 6, EV 72.5 MPH)
|
Bottom of the 9th over - 1 run, 2 hits, 0 errors, 3 left on base; Tulsa 2 - Omaha 2 |
TOP OF THE 10TH |
Tulsa Drillers batting - Pitching for Omaha Storm Chasers : LHP Brad Havens
|
Now at C: Charles Ross
|
|
Batting: SHB Luis Quinones
|
0-0: Ball 1-0: Called Strike 1-1: SINGLE (Flyball, 9S, EV 91.9 MPH)
|
Batting: RHB Nick Belmonte
|
0-0: Ball 1-0: Ball 2-0: Ball 3-0: Called Strike 3-1: Foul Ball, location: 2F 3-2: Foul Ball, location: 2F 3-2: Strikes out swinging
|
Batting: RHB Kevin Coon
|
0-0: Bunt missed! 0-1: Ball 1-1: Sac Bunt to 25 - play at first, batter OUT! 5-4 Luis Quinones to second
|
Pinch Hitting: RHB Don Ruzek
|
0-0: Ball 1-0: Ball 2-0: Called Strike 2-1: Swinging Strike 2-2: Strikes out swinging
|
Top of the 10th over - 0 runs, 1 hit, 0 errors, 1 left on base; Tulsa 2 - Omaha 2 |
BOTTOM OF THE 10TH |
Omaha Storm Chasers batting - Pitching for Tulsa Drillers : LHP Jeff Schneider
|
Pitching: RHP Tom D Brown
|
|
Now at SS: Don Ruzek
|
|
Batting: RHB Jay Schellin
|
0-0: Swinging Strike 0-1: Swinging Strike 0-2: Ball 1-2: Ball 2-2: Foul Ball, location: 2F 2-2: Foul Ball, location: 2F 2-2: Strikes out looking
|
Batting: RHB Mike Allport
|
0-0: Ball 1-0: SINGLE (Line Drive, 34D, EV 96.3 MPH)
|
Batting: RHB Don Money
|
0-0: Ball 1-0: Ball 2-0: Called Strike 2-1: DOUBLE (Line Drive, 89D, EV 105.6 MPH) Mike Allport to third
|
Batting: LHB Charles Ross
|
0-0: Called Strike 0-1: Swinging Strike 0-2: Fly out, F2 (Popup, 25F, EV 82.5 MPH)
|
Batting: RHB Eddie Gates
|
0-0: Called Strike 0-1: Ball 1-1: SINGLE (Line Drive, 4MD, EV 101.3 MPH) Mike Allport scores
|
Bottom of the 10th over - 1 run, 3 hits, 0 errors, 0 left on base; Tulsa 2 - Omaha 3 |
|